 Dungeon Crawl Stone Soup version 0.26-a0-388-gf3277c4969 (webtiles) character file.

Game seed: 11033287544048561644

101 BeastOfSaturn the Sneak (level 4, 0/34 HPs)
             Began as a Demonspawn Brigand on July 21, 2020.
             Killed by divine providence
             ... invoked by an orc priest
              (13 damage)
             ... on level 3 of the Dungeon.
             The game lasted 00:05:45 (1916 turns).

BeastOfSaturn the Sneak (Demonspawn Brigand)        Turns: 1916, Time: 00:05:46

Health: 0/34       AC:  6    Str: 11    XL:     4   Next: 48%
Magic:  0/4        EV: 10    Int: 13    God:
Gold:   166        SH:  0    Dex: 15    Spells: 3/3 levels left

rFire    . . .     SeeInvis .   a - +2 dagger
rCold    . . .     Faith    .   (no shield)
rNeg     . . .     Spirit   +   h - +0 ring mail
rPois    .         Reflect  .   (no helmet)
rElec    .         Harm     .   c - +0 cloak
rCorr    .                      (no gloves)
MR       .....                  (no boots)
Stlth    ++++......             i - amulet of guardian spirit
HPRegen  0.11/turn              (no ring)
MPRegen  0.09/turn              (no ring)

@: lethally poisoned (0 -> -6), about to teleport
A: nightstalker 2
a: no special abilities


You were on level 3 of the Dungeon.
You visited 1 branch of the dungeon, and saw 3 of its levels.

You collected 166 gold pieces.

Inventory:

Hand Weapons
 a - a +2 dagger (weapon)
Missiles
 d - 29 poisoned darts (quivered)
 e - 2 curare-tipped darts
 r - a throwing net
Armour
 b - a +0 robe
 c - a +0 cloak (worn)
 g - a +0 leather armour
 h - a +0 ring mail (worn)
Jewellery
 i - an amulet of guardian spirit (around neck)
 w - an uncursed ring of fire
Scrolls
 k - 2 scrolls of teleportation
 l - a scroll of fog
 m - 2 scrolls of identify
 p - a scroll of remove curse
 t - a scroll of enchant weapon {unknown}
Potions
 f - 2 potions of stabbing
 n - a potion of curing {unknown}
 o - a potion of brilliance {unknown}
 q - a potion of flight {unknown}
 s - a potion of berserk rage {unknown}
 v - a potion of lignification {unknown}


   Skills:
 * Level 2.4 Fighting
 * Level 2.5 Short Blades
 - Level 1.7 Throwing
 * Level 1.5 Dodging
 * Level 4.9 Stealth


You had 3 spell levels left.
You didn't know any spells.
Your spell library was empty.

Dungeon Overview and Level Annotations

Branches:
Dungeon (3/15)

Altars:
Vehumet


Innate Abilities, Weirdness & Mutations

You are significantly more attuned to the shadows.


Message History

You are too injured to fight recklessly!
Your ring mail prevents you from hitting the adder.
The adder is almost dead.
The adder bites you but does no damage.
You miss the adder.
The adder is almost dead.
You feel sick. The adder barely misses you.
You closely miss the adder.
The adder is almost dead.
The adder closely misses you.
You hit the adder.
You kill the adder!
You feel sick.
Okay, then.
As you read the scroll of teleportation, it crumbles to dust.
You feel strangely unstable.
You feel sick.
The orc priest invokes the aid of Beogh against you.
Beogh smites you!
You die...

#........
.......#
......#
.o..
.#######o#
.....@.o=#
..########
##. ...
... ..<


You could see an orc priest and an orc.

Vanquished Creatures
  A centaur skeleton (D:3)
  3 adders
  An ooze (D:2)
  A dart slug (D:1)
  A worm (D:3)
  6 orcs (D:3)
  A giant cockroach (D:1)
  4 hobgoblins
  2 jackals (D:3)
  A ball python (D:1)
  2 bats (D:1)
  2 frilled lizards (D:3)
  4 goblins
  4 kobolds
  A rat (D:1)
34 creatures vanquished.

Vanquished Creatures (others)
  A goblin (D:2)
  A kobold (D:2)
2 creatures vanquished.

Grand Total: 36 creatures vanquished

Notes
Turn   | Place    | Note
-------+----------+-------------------------------------------
     0 | D:1      | BeastOfSaturn the Demonspawn Brigand began the quest for
                  | the Orb.
     0 | D:1      | Reached XP level 1. HP: 16/16 MP: 1/1
   110 | D:1      | Reached skill level 1 in Dodging
   373 | D:1      | Reached skill level 4 in Stealth
   373 | D:1      | Gained mutation: You are slightly more attuned to the
                  | shadows. [demonic ancestry]
   373 | D:1      | Reached XP level 2. HP: 22/22 MP: 2/2
   844 | D:2      | Reached XP level 3. HP: 27/27 MP: 3/3
   945 | D:2      | Found a radiant altar of Vehumet.
  1429 | D:3      | Found a faded altar of an unknown god.
  1473 | D:3      | Gained mutation: You are significantly more attuned to the
                  | shadows. [demonic ancestry]
  1473 | D:3      | Reached XP level 4. HP: 31/33 MP: 4/4
  1916 | D:3      | Killed from afar by an orc priest

Illustrated notes

Levels and vault maps discovered:
D:1:      dpeg_arrival_rooms_b, layout_loops_ring
D:2:      layout_loops_ring, fiery_altar_vehumet, kennysheep_pointless_box,
          minmay_misc_feat_roman
D:3:      layout_loops_ring, gammafunk_temple_overflow_elements,
          chequers_ecumenical_altar_simple

Skill      XL: |  1  2 |
---------------+-------+-----
Dodging        | 1 |  1.5
Stealth        | 4 |  4.9
Short Blades   | 2 |  2.5
Fighting       | |  2.4
Throwing       | |  1.7

Action                   |  1- 3 |  4- 6 || total
-------------------------+-------+-------++-------
Melee: Dagger            |    65 |    76 ||   141
  Use: Scroll            |     1 |     5 ||     6
 Stab: Distracted        |     1 |       ||     1
       Sleeping          |     2 |     3 ||     5
Armor: Ring mail         |    28 |    21 ||    49
Dodge: Dodged            |    37 |    25 ||    62

Table legend: (Time is in decaauts)
 A = Elapsed time spent in this place.
 B = Non-inter-level travel time spent in this place.
 C = Inter-level travel time spent in this place.
 D = Time resting spent in this place.
 E = Time spent auto-exploring this place.
 F = Levels seen in this place.
 G = Mean time per level.
                   A        B        C        D        E       F      G
               +--------+--------+--------+--------+--------+-----+--------+
         Total |   1899 |   1860 |     39 |      0 |   1603 |   3 |  633.0 |
       Dungeon |   1899 |   1860 |     39 |      0 |   1603 |   3 |  633.0 |
               +--------+--------+--------+--------+--------+-----+--------+
Top levels by time: D:2: 776 daAuts D:1: 645 daAuts D:3: 477 daAuts
